 Dungeon Crawl Stone Soup version 0.31.0-11-ge490571c62 (webtiles) character file.

Game seed: 18402071864852331114

113 Skitler the Covert (level 4, 0/41 HPs)
             Began as a Gnoll Delver on Feb 3, 2024.
             Slain by a phantom (7 damage)
             ... on level 5 of the Dungeon.
             The game lasted 00:01:33 (519 turns).

Skitler the Covert (Gnoll Delver)                    Turns: 519, Time: 00:01:33

Health: 0/41       AC:  3    Str: 13    XL:     4   Next: 96%
Magic:  6/6        EV: 13    Int:  9    God:
Gold:   25         SH:  0    Dex: 14    Spells: 5/5 levels left

rFire   . . .        a - +0 hand axe
rCold   . . .        (no shield)
rNeg    . . .        b - +0 leather armour
rPois   .            (no helmet)
rElec   .            (no cloak)
rCorr   .            (no gloves)
SInv    .            (no boots)
Will    .....        (no amulet)
Stlth   ++++         (no ring)
HPRegen 0.26/turn    (no ring)
MPRegen 0.10/turn

%: no passive effects
@: hasted, very quick
A: fangs 1, strong nose, distributed training
a: no special abilities


You were on level 5 of the Dungeon.
You visited 1 branch of the dungeon, and saw 1 of its levels.

You collected 25 gold pieces.

Inventory:

Hand Weapons
 a - a +0 hand axe (weapon)
Armour
 b - a +0 leather armour (worn)
Wands
 g - a wand of digging (3)
 h - a wand of light (4)
Scrolls
 c - a scroll of fog
 d - a scroll of revelation
 e - a scroll of fear
Potions
 f - a potion of haste


   Skills:
 + Level 6.6 Fighting
 + Level 1.3 Short Blades
 + Level 1.3 Long Blades
 + Level 4.7 Axes
 + Level 1.3 Maces & Flails
 + Level 1.3 Polearms
 + Level 1.3 Staves
 + Level 1.3 Ranged Weapons
 + Level 1.3 Throwing
 + Level 1.3 Armour
 + Level 4.7 Dodging
 + Level 9.6 Stealth
 + Level 1.3 Shields
 + Level 1.3 Unarmed Combat
 + Level 1.3 Spellcasting
 + Level 1.1 Conjurations
 + Level 1.1 Hexes
 + Level 1.1 Summonings
 + Level 1.1 Necromancy
 + Level 1.1 Translocations
 + Level 1.1 Fire Magic
 + Level 1.1 Ice Magic
 + Level 1.1 Air Magic
 + Level 1.1 Earth Magic
 + Level 1.1 Alchemy
 + Level 1.5 Invocations
 + Level 1.3 Evocations
 + Level 1.2 Shapeshifting


You had 5 spell levels left.
You didn't know any spells.
Your spell library was empty.

Dungeon Overview and Level Annotations

Branches:
Dungeon (5/15)
 Temple: D:4-7

Altars:


Innate Abilities, Weirdness & Mutations

You have very sharp teeth.
Your uncanny sense of smell can sniff out nearby items.
Your experience applies equally to all skills.


Message History

The phantom hits you.
The phantom blinks!
You blink.
The phantom hits you.
You barely miss the phantom. The phantom hits you.
The phantom blinks!
You blink.
The adder closely misses you.
You feel yourself speed up. The phantom barely misses you.
The adder barely misses you.
There are no items here.
You closely miss the phantom. You barely miss the adder. The adder bites you.
The phantom hits you.
The phantom blinks!
You blink.
You closely miss the phantom. You hit the adder. The phantom hits you.
The adder barely misses you.
You closely miss the phantom. You miss the adder. The phantom hits you.
* * * LOW HITPOINT WARNING * * *
The phantom blinks!
You blink.
You barely miss the phantom. Your bite misses the phantom. You hit the phantom.
The phantom is lightly damaged.
The phantom hits you but does no damage.
You closely miss the phantom.
The phantom is lightly damaged.
You closely miss the adder. The adder completely misses you.
The phantom closely misses you.
You barely miss the adder.
The adder is heavily wounded.
You closely miss the phantom. The adder barely misses you.
You hit the adder.
The adder is heavily wounded.
You hit the phantom but do no damage. The phantom closely misses you.
The adder bites you but does no damage.
You completely miss the adder.
The adder is heavily wounded.
You closely miss the phantom. The phantom hits you.
* * * LOW HITPOINT WARNING * * *
The adder misses you.
You barely miss the adder.
The adder is heavily wounded.
You barely miss the phantom. The adder bites you.
* * * LOW HITPOINT WARNING * * *
The phantom hits you!
You die...

∆ ∆ ###########
#.........# #.@W......#
#..S......# #.........#
....# #.........#
....###+#######.........#
.5s.....................#
...............#######'##
...............#.......#
...............#.......#


You could see a phantom and an adder.

Vanquished Creatures
  A scorpion (D:5)
  A bombardier beetle (D:5)
  2 adders (D:5)
4 creatures vanquished.

Notes
Turn   | Place    | Note
-------+----------+-------------------------------------------
     0 | D:5      | Reached skill level 9 in Stealth
     0 | D:5      | Skitler the Gnoll Delver began the quest for the Orb.
     0 | D:5      | Reached XP level 1. HP: 23/23 MP: 1/1
     2 | D:5      | Noticed a bombardier beetle
    17 | D:5      | Noticed a scorpion
    40 | D:5      | Noticed a scorpion
    71 | D:5      | Reached XP level 2. HP: 16/29 MP: 2/2
    77 | D:5      | Killed a scorpion
    78 | D:5      | Reached skill level 1 in Short Blades
    78 | D:5      | Reached skill level 1 in Long Blades
    78 | D:5      | Reached skill level 1 in Maces & Flails
    78 | D:5      | Reached skill level 1 in Polearms
    78 | D:5      | Reached skill level 1 in Staves
    78 | D:5      | Reached skill level 1 in Ranged Weapons
    78 | D:5      | Reached skill level 1 in Throwing
    78 | D:5      | Reached skill level 1 in Armour
    78 | D:5      | Reached skill level 1 in Shields
    78 | D:5      | Reached skill level 1 in Unarmed Combat
    78 | D:5      | Reached skill level 1 in Spellcasting
    78 | D:5      | Reached skill level 1 in Conjurations
    78 | D:5      | Reached skill level 1 in Hexes
    78 | D:5      | Reached skill level 1 in Summonings
    78 | D:5      | Reached skill level 1 in Necromancy
    78 | D:5      | Reached skill level 1 in Translocations
    78 | D:5      | Reached skill level 1 in Fire Magic
    78 | D:5      | Reached skill level 1 in Ice Magic
    78 | D:5      | Reached skill level 1 in Air Magic
    78 | D:5      | Reached skill level 1 in Earth Magic
    78 | D:5      | Reached skill level 1 in Alchemy
    78 | D:5      | Reached skill level 1 in Invocations
    78 | D:5      | Reached skill level 1 in Evocations
    78 | D:5      | Reached skill level 1 in Shapeshifting
    78 | D:5      | Reached XP level 3. HP: 6/35 MP: 2/4
    78 | D:5      | Reached XP level 4. HP: 7/41 MP: 2/5
   490 | D:5      | Noticed a black bear
   498 | D:5      | Noticed a phantom
   519 | D:5      | Slain by a phantom

Illustrated notes

Levels and vault maps discovered:
D:5:      layout_gridville, sigmund_edmund_badplayer, uniq_sigmund

Skill      XL: |  1  2 |
---------------+-------+-----
Stealth        | |  9.6
Short Blades   | 1 |  1.3
Long Blades    | 1 |  1.3
Maces & Flails | 1 |  1.3
Polearms       | 1 |  1.3
Staves         | 1 |  1.3
Ranged Weapons | 1 |  1.3
Throwing       | 1 |  1.3
Armour         | 1 |  1.3
Shields        | 1 |  1.3
Unarmed Combat | 1 |  1.3
Spellcasting   | 1 |  1.3
Conjurations   | 1 |  1.1
Hexes          | 1 |  1.1
Summonings     | 1 |  1.1
Necromancy     | 1 |  1.1
Translocations | 1 |  1.1
Fire Magic     | 1 |  1.1
Ice Magic      | 1 |  1.1
Air Magic      | 1 |  1.1
Earth Magic    | 1 |  1.1
Alchemy        | 1 |  1.1
Invocations    | 1 |  1.5
Evocations     | 1 |  1.3
Shapeshifting  | 1 |  1.2
Fighting       | |  6.6
Axes           | |  4.7
Dodging        | |  4.7

Action                     |  1- 3 |  4- 6 || total
---------------------------+-------+-------++-------
  Melee: Hand axe          |    16 |    30 ||    46
         Bite              |       |     1 ||     1
    Use: Potion            |     1 |     1 ||     2
   Stab: Sleeping          |       |     1 ||     1
 Armour: Leather armour    |    12 |    18 ||    30
  Dodge: Dodged            |    13 |    14 ||    27
